AoeStats
← Wilypf

Arabia

510552530Analyzed
1v1 RM · 16h ago on Oct 1, 2026· 66m 8s· 2 players
Game mode
Random Map
Map size
Tiny (2 player)
Population
200
Speed
Normal
Resources
Standard
Victory
Conquest
Starting age
Dark Age
Ending age
Imperial Age
RankedLock teamsTeams togetherTeam positionsShared explorationLock speedFull tech treeHidden civsTurbo modeCheats
Victory
Defeat
🇸🇪 Mapuche · Sweden
772
+15
🇪🇨 Mongols · Ecuador
760
-15
Wilypf
3:21 Loom
10:53 Feudal Age
16:48 Castle Age
15:56 Double-Bit Axe
25:34 Fletching
27:21 Scale Barding Armor
28:11 Thumb Ring
31:29 Town Watch
34:15 Gold Mining
34:15 Stone Mining
36:25 Wheelbarrow
39:45 Imperial Age
39:39 Husbandry
39:50 Bloodlines
39:53 Forging
46:52 Conscription
47:32 Hand Cart
50:30 Elite Skirmisher
51:46 Scale Mail Armor
54:40 Light Cavalry
62:34 Cavalier
64:13 Iron Casting
Arkbrik
3:38 Loom
12:20 Feudal Age
13:01 Arson
18:47 Champi Runner
22:22 Castle Age
20:18 Fletching
21:48 Forging
24:26 Bodkin Arrow
30:50 Elite Skirmisher
33:14 Double-Bit Axe
33:20 Horse Collar
34:12 Ballistics
34:19 Padded Archer Armor
36:08 Gold Mining
37:43 Pikeman
45:35 Malon
54:20 Imperial Age
56:33 Leather Archer Armor
56:23 Elite Bolas Rider
58:53 Wheelbarrow
62:33 Conscription
63:53 Ring Archer Armor
Connection lost

Rejoining the realm…

Still unreachable

The connection could not be restored.

Session expired

The server has moved on; the page needs a fresh start.